 Dungeon Crawl Stone Soup version 0.29-a0-557-g43b9904bd1 (webtiles) character file.

Game seed: 1971474658490538949

37 MylesGorder the Firebug (level 3, -2/26 HPs)
             Began as a Draconian Fire Elementalist on June 8, 2022.
             Slain by a worm (9 damage)
             ... on level 2 of the Dungeon.
             The game lasted 00:08:43 (2035 turns).

MylesGorder the Firebug (DrFE)                      Turns: 2035, Time: 00:08:43

Health: -2/26      AC:  5    Str: 10    XL:     3   Next: 23%
Magic:  1/7        EV: 12    Int: 17    God:
Gold:   39         SH:  0    Dex: 11    Spells: 4/7 levels left

rFire   . . .      SeeInvis .   (no weapon)
rCold   . . .      Faith    .   (no shield)
rNeg    . . .      Spirit   .   (body armour unavailable)
rPois   .          Reflect  .   (helmet restricted)
rElec   .          Harm     .   (no cloak)
rCorr   .          Rampage  .   (no gloves)
Will    .....                   (no boots)
Stlth   ++........              (no amulet)
HPRegen 0.08/turn               (no ring)
MPRegen 0.10/turn               (no ring)

@: no status effects
A: AC +5, unfitting armour, cold-blooded
a: no special abilities


You were on level 2 of the Dungeon.
You visited 1 branch of the dungeon, and saw 2 of its levels.

You collected 39 gold pieces.

Inventory:

Scrolls
 b - a scroll of identify {unknown}
 c - a scroll of noise {unknown}
 e - a scroll of immolation {unknown}
 f - a scroll of poison {unknown}
 g - a scroll of magic mapping {unknown}
 h - 2 scrolls of vulnerability {unknown}
Potions
 d - a potion of mutation {unknown}


   Skills:
 - Level 1.7 Dodging
 - Level 1.7 Stealth
 + Level 2.7 Spellcasting
 + Level 1.1 Conjurations
 + Level 3.8 Fire Magic


You had 4 spell levels left.
You knew the following spells:

 Your Spells              Type           Power      Damage    Failure   Level
a - Foxfire               Conj/Fire      40%        2x1d6     7%          1
b - Scorch                Fire           30%        2d6       6%          2

Your spell library contained the following spells:

 Spells                   Type           Power      Damage    Failure   Level
 Conjure Flame            Conj/Fire      10%        6-21      21%         3
 Inner Flame              Hex/Fire       8%         N/A       26%         3
 Flame Wave               Conj/Fire      10%        2d5       54%         4


Dungeon Overview and Level Annotations

Branches:
Dungeon (2/15)

Altars:


Innate Abilities, Weirdness & Mutations

Your plain brown scales are hard. (AC +5)
You cannot fit into any form of body armour.
You are cold-blooded and may be slowed by cold attacks.


Message History

The worm is heavily wounded.
The worm's fire resistance burns away.
Casting: Scorch (safe; 6% risk of failure)
Confirm with . or Enter, or press ? or * to list all spells.
Flames lash the worm.
The worm is burned terribly!
The worm is severely wounded.
The worm bites you!
You hit the worm.
The worm is severely wounded.
The worm closely misses you.
You hit the worm.
Your tail-slap misses the worm.
The worm is severely wounded.
You hit the worm but do no damage. You tail-slap the worm.
The worm is severely wounded.
The worm bites you.
You barely miss the worm.
The worm is severely wounded.
You hit the worm.
Your tail-slap misses the worm.
The worm is severely wounded.
The worm is no longer more vulnerable to fire.
The worm misses you.
You hit the worm but do no damage.
The worm is severely wounded.
The worm bites you.
Casting: Scorch (safe; 6% risk of failure)
Confirm with . or Enter, or press ? or * to list all spells.
You don't have enough magic to cast this spell.
You hit the worm.
Your tail-slap misses the worm.
The worm is severely wounded.
You hit the worm but do no damage.
You tail-slap the worm, but do no damage.
The worm is severely wounded.
The worm bites you.
* * * LOW HITPOINT WARNING * * *
You hit the worm.
The worm is severely wounded.
You hit the worm. You tail-slap the worm.
The worm is severely wounded.
The worm bites you!
You die...

############# ##
#...........# ..
#...........###.
###...........#..
#.............#.#
#...††........#.#
#.).######'##.#@#
#...# #.##.#w#
#...# #.##.#.#
#...# #.##.#†#
##...#
#.##.#.######.
.....#
#.#<.#........
.....#
##'####......##
.....#
#..............
.....#
#.....#.†....##


You could see a worm.

Vanquished Creatures
  2 worms (D:2)
  3 dart slugs
  2 bats (D:1)
  5 endoplasms (D:1)
  2 giant cockroaches
  3 kobolds
  A quokka (D:1)
  3 ball pythons (D:1)
  3 frilled lizards (D:1)
  A goblin (D:1)
  2 rats (D:1)
27 creatures vanquished.

Vanquished Creatures (others)
  22 foxfires
22 creatures vanquished.

Grand Total: 49 creatures vanquished

Notes
Turn   | Place    | Note
-------+----------+-------------------------------------------
     0 | D:1      | MylesGorder the Draconian Fire Elementalist began the quest
                  | for the Orb.
     0 | D:1      | Reached XP level 1. HP: 14/14 MP: 3/3
   391 | D:1      | Reached XP level 2. HP: 8/20 MP: 5/5
   669 | D:1      | Learned a level 2 spell: Scorch
   735 | D:1      | Found a faded altar of an unknown god.
  1807 | D:2      | Reached XP level 3. HP: 26/26 MP: 2/6
  2035 | D:2      | Slain by a worm

Illustrated notes

Levels and vault maps discovered:
D:1:      heliophobic_arrival_battle_scene, layout_loops_corners,
          ebering_ecumenical_altar_rust, hangedman_abyss_or_decor_lesser_grid
D:2:      layout_basic, minmay_puff, uniq_terence, uniq_natasha

Action                   || total
-------------------------++-------
Melee: Unarmed           ||    43
       Tailslap          ||     6
 Cast: Foxfire           ||    17
       Scorch            ||    24
  Use: Potion            ||     1
 Stab: Sleeping          ||     1
Armor: Skin              ||     9
Dodge: Dodged            ||    23

Table legend: (Time is in decaauts)
 A = Elapsed time spent in this place.
 B = Non-inter-level travel time spent in this place.
 C = Inter-level travel time spent in this place.
 D = Time resting spent in this place.
 E = Time spent auto-exploring this place.
 F = Levels seen in this place.
 G = Mean time per level.
                   A        B        C        D        E       F      G
               +--------+--------+--------+--------+--------+-----+--------+
         Total |   2038 |   2019 |     19 |    378 |   1376 |   2 | 1019.0 |
       Dungeon |   2038 |   2019 |     19 |    378 |   1376 |   2 | 1019.0 |
               +--------+--------+--------+--------+--------+-----+--------+

Top non-repeatable levels by time:
     D:1: 1794 daAuts
     D:2: 243 daAuts
